Match 41212074
Unlisted

Match 41212074
End
Construct Barracks
Riflemen Squad
M1 Mortar Team
Riflemen Squad
Engineer Squad
Grenade Package
Construct Weapon Support Center
Mechanized Support Center
M1919 Machine Gun Team
M3 Armored Personnel Carrier
Construct Motor Pool
Selects Advanced Infantry Battlegroup
Selects Convert to Ranger Squad
Convert to Ranger Squad
M1 Anti-tank Gun Team
Selects Designate Assault Position
Geoker81
ryper59
Squid Game 🔥
gamesis909
Osmose
Ogranyanos
Darkelf
LordAevy
0
0

Comments sign in to comment!

No comments posted yet!